 Dungeon Crawl Stone Soup version 0.26-a0-639-g72c4674329 (webtiles) character file.

Game seed: 17846612377972049226

324 ANON1729 the Skirmisher (level 6, -1/40 HPs)
             Began as a Gargoyle Fighter on Sept 15, 2020.
             Slain by an ogre
             ... wielding a +0 giant club
              (15 damage)
             ... on level 3 of the Dungeon.
             The game lasted 00:09:54 (3253 turns).

ANON1729 the Skirmisher (Gargoyle Fighter)          Turns: 3253, Time: 00:09:55

Health: -1/40      AC: 11    Str: 19    XL:     6   Next: 48%
Magic:  6/6        EV:  7    Int: 11    God:
Gold:   100        SH:  9    Dex: 11    Spells: 5/5 levels left

rFire    . . .     SeeInvis .   o - +1 mace (vorpal)
rCold    . . .     Faith    +   c - +0 kite shield
rNeg     + . .     Spirit   .   b - +0 scale mail
rPois    ∞         Reflect  .   (no helmet)
rElec    +         Harm     .   (no cloak)
rCorr    .         Rampage  .   (no gloves)
MR       .....                  (no boots)
Stlth    +.........             p - amulet of faith
HPRegen  0.13/turn              e - +6 ring of dexterity
MPRegen  0.10/turn              q - -4 ring of dexterity (curse)

@: no status effects
A: camouflage 1, clever 1, negative energy resistance 1, electricity resistance,
weak 1, unbreathing, petrification resistance, rot immunity, AC +4
a: no special abilities


You were on level 3 of the Dungeon.
You visited 1 branch of the dungeon, and saw 4 of its levels.

You collected 100 gold pieces.

Inventory:

Hand Weapons
 a - a +0 flail
 o - a +1 vorpal mace (weapon)
Armour
 b - a +0 scale mail (worn)
 c - a +0 kite shield (worn)
Jewellery
 e - a +6 ring of dexterity (left hand)
 p - an amulet of faith (around neck)
 q - a cursed -4 ring of dexterity (right hand)
 r - an uncursed ring of flight
Scrolls
 f - 3 scrolls of teleportation {unknown}
 g - a scroll of fear {unknown}
 h - a scroll of blinking {unknown}
 i - 8 scrolls of remove curse {unknown}
 j - 4 scrolls of identify {unknown}
 k - a scroll of enchant armour {unknown}
 n - 3 scrolls of magic mapping {unknown}
 u - a scroll of enchant weapon {unknown}
Potions
 d - a potion of might
 l - a potion of lignification
 m - a potion of mutation
 t - a potion of ambrosia {unknown}


   Skills:
 + Level 4.8 Fighting
 + Level 3.6 Maces & Flails
 + Level 4.7 Armour
 + Level 4.8 Shields


You had 5 spell levels left.
You didn't know any spells.
Your spell library was empty.

Dungeon Overview and Level Annotations

Branches:
Dungeon (4/15)
 Temple: D:4-7

Altars:
Zin

Annotations:
D:3 1 runed translucent door


Innate Abilities, Weirdness & Mutations

You are resistant to torment.
Your stone body is resilient. (AC +4)
You are immune to poison.
You resist negative energy. (rN+)
You are resistant to electric shocks. (rElec)
You can survive without breathing.
You are immune to petrification.
You are immune to rotting.
Your skin changes colour to match your surroundings (Stealth+).
Your mind is acute. (Int +2)
You are weak. (Str -2)


Message History

The ogre is lightly wounded.
The ogre hits you with a +0 giant club!
You barely miss the ogre.
The ogre is lightly wounded.
The ogre hits you but does no damage.
You hit the ogre.
The ogre is moderately wounded.
The ogre hits you with a +0 giant club!
* * * LOW HITPOINT WARNING * * *
The ogre barely misses you. The gnoll hits you but does no damage.
There is a stone staircase leading up here.
There is a stone staircase leading up here.
You see here a stone.
You see here a +0 dagger.
There is a stone staircase leading up here.
There is a stone staircase leading up here.
You see here an orc corpse.
There is an escape hatch in the floor here.
The ogre hits you with a +0 giant club!
You die...

######..# ######.>...†.......
#.......# #....g.......#.....
#.......# #..#####..........)
#.......# ##..########.....(..
#.......# #...##..............
#.......###...##.#############
#.......#...####.#...#..'.##..
#.......#.#.####.###...##..##.
#.......#...O@...#.##..#..#.##
#.......###.####.#....###..#.#
###########.## #.###..#.....#.
##.......# #.#.#.###..#..#
##..###...# #.#...#[.##.#..
##..##>##..###.##.###..##.#.
#..###.###..##.#..#..#####.#
#.###+.####.##.#.###..#..##.
#.#>.._..A#....#.#..###...##


You could see an ogre.

Vanquished Creatures
  2 orc priests (D:3)
  3 orc wizards
  A worker ant zombie (D:3)
  A gnoll (D:1)
  8 adders
  An ooze (D:2)
  A worm (D:2)
  3 dart slugs
  4 leopard geckos
  7 orcs
  2 giant cockroaches (D:3)
  7 hobgoblins
  8 jackals
  A ball python (D:1)
  5 bats
  7 frilled lizards
  7 goblins
  6 kobolds
  5 rats
79 creatures vanquished.

Vanquished Creatures (others)
  8 plants (D:1)
8 creatures vanquished.

Grand Total: 87 creatures vanquished

Notes
Turn   | Place    | Note
-------+----------+-------------------------------------------
     0 | D:1      | ANON1729 the Gargoyle Fighter began the quest for the Orb.
     0 | D:1      | Reached XP level 1. HP: 14/14 MP: 1/1
   141 | D:1      | Reached XP level 2. HP: 16/19 MP: 2/2
   539 | D:1      | Reached XP level 3. HP: 24/24 MP: 3/3
   723 | D:2      | Reached XP level 4. HP: 21/29 MP: 4/4
  1101 | D:2      | Reached XP level 5. HP: 4/33 MP: 5/5
  1564 | D:3      | Found a glowing silver altar of Zin.
  1565 | D:3      | Found a runed translucent door.
  1565 | D:3      | Noticed an angel
  1837 | D:3      | Reached XP level 6. HP: 36/39 MP: 6/6
  2609 | D:2      | Gained mutation: You are weak. (Str -2) [potion of
                  | mutation]
  2609 | D:2      | Gained mutation: Your mind is acute. (Int +2) [potion of
                  | mutation]
  2609 | D:2      | Gained mutation: Your skin changes colour to match your
                  | surroundings (Stealth+). [potion of mutation]
  3168 | D:3      | HP: 2/40 [ogre/+0 giant club (14)]
  3253 | D:3      | Slain by an ogre

Illustrated notes

Levels and vault maps discovered:
D:1:      dpeg_arrival_orchard, layout_loops_ring, serial_bayou_lagoon_a
D:2:      layout_rooms
D:3:      minmay_razor_zed, layout_rooms, lemuel_angel_altar
D:4:      layout_cave_pools

Skill      XL: |  1  2  3  4 |
---------------+-------------+-----
Fighting       | 4 |  4.8
Armour         | 4 |  4.7
Shields        | 4 |  4.8
Maces & Flails | 3 |  3.6

Action                   |  1- 3 |  4- 6 || total
-------------------------+-------+-------++-------
Melee: Flail             |    93 |   248 ||   341
       Mace              |       |     4 ||     4
  Use: Potion            |       |     4 ||     4
Armor: Scale mail        |    54 |   164 ||   218
       Skin              |       |    19 ||    19
Dodge: Dodged            |    31 |   102 ||   133
Block: Kite shield       |    57 |   145 ||   202

Table legend: (Time is in decaauts)
 A = Elapsed time spent in this place.
 B = Non-inter-level travel time spent in this place.
 C = Inter-level travel time spent in this place.
 D = Time resting spent in this place.
 E = Time spent auto-exploring this place.
 F = Levels seen in this place.
 G = Mean time per level.
                   A        B        C        D        E       F      G
               +--------+--------+--------+--------+--------+-----+--------+
         Total |   3385 |   3162 |    223 |    580 |   1751 |   4 |  846.2 |
       Dungeon |   3385 |   3162 |    223 |    580 |   1751 |   4 |  846.2 |
               +--------+--------+--------+--------+--------+-----+--------+

Top non-repeatable levels by time:
     D:3: 1633 daAuts
     D:2: 1064 daAuts
     D:1: 638 daAuts
     D:4: 49 daAuts
